 Dungeon Crawl Stone Soup version 0.29-a0-384-g6960b1960d (webtiles) character file.

Game seed: 11281289033215628110

134 siradein the Chiller (level 4, -1/30 HPs)
             Began as a Demonspawn Ice Elementalist on May 7, 2022.
             Slain by a gnoll
             ... wielding a +0 flail
              (7 damage)
             ... on level 3 of the Dungeon.
             The game lasted 00:07:12 (3061 turns).

siradein the Chiller (Demonspawn Ice Elementalist)  Turns: 3061, Time: 00:07:12

Health: -1/30      AC:  3    Str:  8    XL:     4   Next: 95%
Magic:  6/9        EV: 16    Int: 18    God:
Gold:   91         SH:  0    Dex: 14    Spells: 3/10 levels left

rFire   . . .      SeeInvis .   j - +0 lajatang
rCold   . . .      Faith    .   (shield currently unavailable)
rNeg    . . .      Spirit   .   a - +1 robe
rPois   .          Reflect  .   (no helmet)
rElec   .          Harm     .   (no cloak)
rCorr   .          Rampage  .   (no gloves)
Will    .....                   (no boots)
Stlth   ++........              (no amulet)
HPRegen 0.10/turn               i - +4 ring of evasion
MPRegen 0.22/turn               m - ring of flight

@: flying
A: claws 1, magic regeneration, demonic magic 1
a: no special abilities


You were on level 3 of the Dungeon.
You visited 1 branch of the dungeon, and saw 3 of its levels.

You collected 91 gold pieces.

Inventory:

Hand Weapons
 j - a +0 lajatang (weapon)
Missiles
 p - a silver boomerang
Armour
 a - a +1 robe (worn)
Jewellery
 i - a +4 ring of evasion (left claw)
 m - a ring of flight (right claw)
Scrolls
 c - a scroll of blinking {unknown}
 f - a scroll of noise {unknown}
 g - a scroll of enchant armour
 k - a scroll of immolation {unknown}
 o - a scroll of fog {unknown}
 q - 2 scrolls of identify {unknown}
Potions
 b - a potion of magic
 d - 3 potions of curing {unknown}
 e - a potion of degeneration {unknown}
 h - a potion of haste {unknown}
 l - a potion of invisibility {unknown}
 n - a potion of heal wounds {unknown}


   Skills:
 - Level 1.7 Dodging
 - Level 1.7 Stealth
 + Level 3.6 Spellcasting
 + Level 4.8 Ice Magic


You had 3 spell levels left.
You knew the following spells:

 Your Spells              Type           Power      Damage    Failure   Level
a - Freeze                Ice            80%        1d9       2%          1
b - Frozen Ramparts       Ice            40%        1d6       6%          3
c - Ozocubu's Armour      Ice            20%        N/A       6%          3

Your spell library contained the following spells:

 Spells                   Type           Power      Damage    Failure   Level
 Ensorcelled Hibernation  Hex/Ice        22%        N/A       9%          2
 Spider Form              Tmut/Pois      3%         N/A       43%         3
 Hailstorm                Conj/Ice       11%        3d5       50%         4
 Anguish                  Hex/Necr       1%         N/A       83%         4


Dungeon Overview and Level Annotations

Branches:
Dungeon (3/15)

Altars:


Innate Abilities, Weirdness & Mutations

You have sharp fingernails.
You regenerate magic rapidly.
Spells you cast may paralyse adjacent enemies.


Message History

Malevolent energies surge around you.
The gnoll shouts!
The kobold shouts!
You hear a shout!
The gnoll zaps a wand.
Your mind is blasted!
The gnoll throws a stone.
The stone barely misses you.
The wall freezes the kobold.
You kill the kobold!
The frozen ramparts melt away.
The gnoll throws a stone.
The stone misses you.
A gnoll comes into view. It is wielding a +0 spear.
The gnoll zaps a wand.
Your mind is blasted!
Found a stone staircase leading down.
The gnoll zaps a wand.
Your mind is blasted!
Things that are here:
a +0 falchion; 2 silver boomerangs; an orc corpse
Found a short sword.
You start resting.
A gnoll is nearby!
The gnoll hits you with a +0 spear.
* * * LOW HITPOINT WARNING * * *
Casting: Freeze (safe; 2% risk of failure)
Confirm with . or Enter, or press ? or * to list all spells.
Aiming: Freeze (safe; 2% risk of failure)
Press: ? - help, Shift-Dir - straight line, f - gnoll
Aim: a gnoll, wielding a +0 spear, quivering stones and carrying a wand of mindburst (4)
You freeze the gnoll.
The gnoll is lightly wounded.
Malevolent energies surge around you.
The gnoll suddenly stops moving!
Casting: Freeze (safe; 2% risk of failure)
Confirm with . or Enter, or press ? or * to list all spells.
Aiming: Freeze (safe; 2% risk of failure)
Press: ? - help, Shift-Dir - straight line, f/p - gnoll
Aim: a gnoll, wielding a +0 spear, quivering stones and carrying a wand of mindburst (4) (lightly wounded, paralysed)
You freeze the gnoll!
The gnoll is severely wounded.
Malevolent energies surge around you.
The helpless gnoll fails to defend itself.
You hit the gnoll.
You kill the gnoll!
The gnoll closely misses you. The gnoll attacks as you move away!
The gnoll hits you with a +0 flail!
You die...

# .# ## ##> .. ..
)#.# ...#
#..########)###
#......)gg...#
...###.###@#.#
... .. #.# #.#.#
#.#
....###.###)#.#
#.#
............#.#
#.#
....###.#####.#
#.# .. #.# #.#
#.#
##.#####.#####.#
#..............##
#..>.######.##..#


You could see 2 gnolls.

Vanquished Creatures
  5 adders
  2 gnolls (D:3)
  A white imp (D:3)
  A dart slug (D:1)
  2 orcs (D:3)
  6 ball pythons
  3 bats
  5 endoplasms (D:1)
  A giant cockroach (D:2)
  8 goblins
  A hobgoblin (D:2)
  6 jackals
  A quokka (D:2)
  3 frilled lizards
  8 kobolds
  7 rats
60 creatures vanquished.

Vanquished Creatures (others)
  3 fungi (D:2)
3 creatures vanquished.

Grand Total: 63 creatures vanquished

Notes
Turn   | Place    | Note
-------+----------+-------------------------------------------
     0 | D:1      | siradein the Demonspawn Ice Elementalist began the quest
                  | for the Orb.
     0 | D:1      | Reached XP level 1. HP: 13/13 MP: 3/3
   133 | D:1      | Gained mutation: You regenerate magic rapidly. [demonic
                  | ancestry]
   133 | D:1      | Reached XP level 2. HP: 3/19 MP: 0/5
   822 | D:1      | Reached skill level 4 in Ice Magic
  1161 | D:1      | Gained mutation: You have sharp fingernails. [demonic
                  | ancestry]
  1161 | D:1      | Reached XP level 3. HP: 22/24 MP: 4/7
  1165 | D:1      | Learned a level 3 spell: Frozen Ramparts
  1169 | D:1      | Learned a level 3 spell: Ozocubu's Armour
  1191 | D:1      | Found a faded altar of an unknown god.
  2015 | D:2      | Gained mutation: Spells you cast may paralyse adjacent
                  | enemies. [demonic ancestry]
  2015 | D:2      | Reached XP level 4. HP: 30/30 MP: 5/8
  3061 | D:3      | Slain by a gnoll

Illustrated notes

Levels and vault maps discovered:
D:1:      ncdulo_halloftheorcs, layout_loops_ring,
          dreamdust_ecumenical_altar_angels_and_demons
D:2:      layout_loops_ring, dreamdust_mushroom_princess
D:3:      layout_loops_ring

Skill      XL: |  1  2  3 |
---------------+----------+-----
Ice Magic      | 4 |  4.8
Spellcasting   | 3 |  3.6
Dodging        | |  1.7
Stealth        | |  1.7

Action                   |  1- 3 |  4- 6 || total
-------------------------+-------+-------++-------
Melee: Unarmed           |    17 |       ||    17
       Dagger            |     7 |       ||     7
       Punch             |     1 |       ||     1
       Lajatang          |    19 |    11 ||    30
 Cast: Freeze            |    55 |    22 ||    77
       Frozen Ramparts   |     1 |     1 ||     2
       Ozocubu's Armour  |       |     1 ||     1
  Use: Scroll            |       |     1 ||     1
 Stab: Sleeping          |     2 |       ||     2
       Paralysed         |       |     6 ||     6
Armor: Robe              |    17 |     1 ||    18
Dodge: Dodged            |    59 |    22 ||    81

Table legend: (Time is in decaauts)
 A = Elapsed time spent in this place.
 B = Non-inter-level travel time spent in this place.
 C = Inter-level travel time spent in this place.
 D = Time resting spent in this place.
 E = Time spent auto-exploring this place.
 F = Levels seen in this place.
 G = Mean time per level.
                   A        B        C        D        E       F      G
               +--------+--------+--------+--------+--------+-----+--------+
         Total |   3070 |   3011 |     59 |      7 |   2557 |   3 | 1023.3 |
       Dungeon |   3070 |   3011 |     59 |      7 |   2557 |   3 | 1023.3 |
               +--------+--------+--------+--------+--------+-----+--------+

Top non-repeatable levels by time:
     D:1: 1685 daAuts
     D:2: 927 daAuts
     D:3: 457 daAuts
